Map: Goldenaura LE

Players

绫正乐

  • Race: Terran Terran
  • League: Master
  • Spawn Location: 12:00

좀비맨 - Winner!

  • Race: Zerg Zerg
  • Spawn Location: 5:00

VOD

Have the link to the VOD?

Description

Time

  • Played on: Sept. 17, 2024, 2:30 a.m.
  • Length: 4:27
Show
View Real Time Build Order
Export as new Build Order

绫正乐 Terran 

Build Orders: Reaper Expand 

Get SALT Encoding   

  12  0:00  SCV  
  13  0:12  SCV  
  14  0:17  Supply Depot  
  14  0:24  SCV  
  15  0:38  SCV  
  15  0:39  Barracks  
  16  0:44  Refinery  
  16  0:51  SCV  
  17  1:03  SCV  
  18  1:15  SCV  
  19  1:26  Reaper  
  19  1:27  Orbital Command  
  20  1:41  Command Center  
  20  1:48  Supply Depot  
  20  1:52  SCV  
  21  1:58  Marine  
  22  2:04  SCV  
  23  2:12  Factory  
  23  2:16  SCV  
  23  2:20  Barracks Reactor  
  24  2:28  SCV  
  25  2:41  SCV  
  26  2:45  Command Center  
  26  2:53  SCV  
  27  2:59  Orbital Command  
  27  3:01  Barracks  
  27  3:07  SCV  
  27  3:08  Barracks Tech Lab  
  28  3:17  Hellion  
  28  3:18  Hellion  
  28  3:19  SCV  
  33  3:27  SCV  
  33  3:32  SCV, Marine  
  35  3:39  SCV  
  36  3:44  SCV  
  37  3:50  Starport  
  37  3:51  SCV, Marine  
  37  3:55  Refinery  
  39  3:56  SCV  
  39  3:57  Refinery, Orbital Command  
  39  3:59  Marine x2  
  42  4:03  SCV  
Show
View Real Time Build Order
Export as new Build Order

좀비맨 Zerg - Winner!

Build Orders: Hatch First, Roach Nydus 

Get SALT Encoding   

  12  0:00  Drone  
  13  0:12  Overlord  
  13  0:17  Drone  
  14  0:30  Drone x2  
  16  0:48  Hatchery  
  15  0:52  Drone  
  15  0:55  Drone  
  17  0:58  Drone  
  17  1:03  Extractor  
  17  1:15  Spawning Pool  
  16  1:19  Drone  
  16  1:21  Drone  
  18  1:27  Drone  
  19  1:39  Drone  
  20  1:50  Overlord  
  20  2:02  Queen  
  20  2:03  Zergling x4  
  20  2:04  Lair  
  24  2:15  Drone x2  
  26  2:20  Extractor  
  25  2:29  Drone x2  
  27  2:30  Roach Warren  
  25  2:38  Queen  
  25  2:43  Drone x2  
  25  2:44  Drone  
  30  2:58  Spore Crawler  
  30  3:06  Nydus Network  
  30  3:07  Queen  
  31  3:13  Overlord  
  31  3:17  Roach  
  31  3:18  Roach  
  34  3:30  Spore Crawler  
  34  3:34  Roach x3  
  40  3:39  Overlord  
  40  3:43  Nydus Canal  
  40  3:50  Roach  
  40  3:52  Roach  
  44  4:03  Nydus Canal  
  43  4:25  Spore Crawler  
Tags
 
Add a new tag
Caveats
  • Supply blocks, unpowered buildings, or Contaminate may cause inaccurate times.
  • Supply counts are checked every 10 seconds.